 Dungeon Crawl Stone Soup version 0.29-a0-824-gd827844252 (webtiles) character file.

Game seed: 11554902686875795628

180 xian the Trooper (level 5, -4/42 HPs)
             Began as a Demonspawn Fighter on July 10, 2022.
             Slain by a gnoll
             ... wielding a +0 spear
              (5 damage)
             ... on level 3 of the Dungeon.
             The game lasted 00:06:14 (2953 turns).

xian the Trooper (Demonspawn Fighter)               Turns: 2953, Time: 00:06:14

Health: -4/42      AC: 10    Str: 18    XL:     5   Next: 33%
Magic:  5/5        EV:  7    Int:  9    God:
Gold:   75         SH:  8    Dex: 13    Spells: 4/4 levels left

rFire   . . .      SeeInvis .   l - +1 short sword (venom)
rCold   . . .      Faith    .   c - +0 buckler
rNeg    . . .      Spirit   .   i - +0 chain mail
rPois   .          Reflect  .   e - +0 helmet
rElec   .          Harm     .   (no cloak)
rCorr   .          Rampage  .   (no gloves)
Will    .....                   (no boots)
Stlth   ..........              (no amulet)
HPRegen 0.14/turn               (no ring)
MPRegen 0.09/turn               (no ring)

@: about to teleport
A: demonic guardian 1, condensation shield
a: no special abilities


You were on level 3 of the Dungeon.
You visited 1 branch of the dungeon, and saw 3 of its levels.

You collected 75 gold pieces.

Inventory:

Hand Weapons
 l - a +1 short sword of venom (weapon)
Armour
 c - a +0 buckler (worn)
 e - a +0 helmet (worn)
 i - a +0 chain mail (worn)
 j - an orb of energy
Wands
 a - a wand of roots (13)
Scrolls
 g - a scroll of teleportation
 k - 2 scrolls of identify {unknown}
 m - a scroll of noise {unknown}
Potions
 b - a potion of mutation {unknown}
 d - a potion of might
 f - 2 potions of curing {unknown}
 h - a potion of flight {unknown}


   Skills:
 + Level 3.7 Fighting
 + Level 0.1(1.8) Short Blades
 + Level 3.0(3.1) Long Blades
 + Level 3.5 Armour
 + Level 1.3 Dodging
 + Level 0.5 Stealth
 + Level 3.2 Shields


You had 4 spell levels left.
You didn't know any spells.
Your spell library was empty.

Dungeon Overview and Level Annotations

Branches:
Dungeon (3/15)

Altars:


Innate Abilities, Weirdness & Mutations

A weak demonic guardian rushes to your aid.
A meltable shield of frost defends you. (SH +4)


Message History

You hit the gnoll.
You kill the gnoll!
You block the gnoll's attack. The gnoll hits you but does no damage.
You block the gnoll's attack.
The gnoll hits you from afar with a +0 halberd.
The gnoll barely misses you. The gnoll closely misses you.
The gnoll hits you with a +0 halberd.
You hit the gnoll.
The gnoll is poisoned.
The gnoll is moderately wounded.
The gnoll hits you with a +0 halberd. The gnoll barely misses you.
You barely miss the gnoll.
The gnoll is moderately wounded.
The gnoll hits you but does no damage. The gnoll hits you with a +0 halberd.
The gnoll barely misses you.
You hit the gnoll but do no damage.
The gnoll looks as sick as possible!
The gnoll is moderately wounded.
The gnoll completely misses you. The gnoll hits you but does no damage.
The gnoll hits you with a +0 halberd.
You hit the gnoll.
The gnoll looks as sick as possible!
The gnoll is heavily wounded.
The gnoll closely misses you. The gnoll hits you with a +0 halberd.
* * * LOW HITPOINT WARNING * * *
A demonic guardian appears!
The gnoll hits you but does no damage.
You hit the gnoll.
The gnoll is severely wounded.
The gnoll hits you with a +0 halberd.
* * * LOW HITPOINT WARNING * * *
You block the gnoll's attack. The gnoll hits you but does no damage.
You hit the gnoll.
You kill the gnoll!
The gnoll barely misses you.
The gnoll hits you from afar with a +0 spear.
* * * LOW HITPOINT WARNING * * *
The gnoll hits you but does no damage.
Unknown command.
Okay, then.
As you read the scroll of teleportation, it crumbles to dust.
You feel strangely unstable. The gnoll hits you but does no damage.
The gnoll hits you from afar with a +0 spear.
You die...

####..........# #...
...........#########
##................
#.......#......#.
#.......#........
##......##......##
#.J#...###......#
##.#g............#
#.@5g######......#
###### ########


You could see 2 gnolls, an endoplasm and a friendly white imp (summoned).

Vanquished Creatures
  Jessica (D:2)
  6 gnolls
  2 adders (D:2)
  3 worms (D:2)
  A dart slug (D:1)
  3 ball pythons
  3 bats
  7 endoplasms
  A giant cockroach (D:2)
  9 goblins
  5 hobgoblins
  2 jackals (D:1)
  A kobold (D:1)
  2 quokkas
  2 frilled lizards (D:1)
  3 rats
51 creatures vanquished.

Vanquished Creatures (collateral kills)
  A gnoll (D:3)
  3 hobgoblins
  A kobold (D:2)
5 creatures vanquished.

Grand Total: 56 creatures vanquished

Notes
Turn   | Place    | Note
-------+----------+-------------------------------------------
     0 | D:1      | xian the Demonspawn Fighter began the quest for the Orb.
     0 | D:1      | Reached XP level 1. HP: 18/18 MP: 1/1
   442 | D:1      | Gained mutation: A weak demonic guardian rushes to your
                  | aid. [demonic ancestry]
   442 | D:1      | Reached XP level 2. HP: 24/24 MP: 2/2
  1349 | D:2      | Reached XP level 3. HP: 24/29 MP: 3/3
  1422 | D:2      | Reached skill level 1 in Dodging
  2083 | D:2      | Gained mutation: A meltable shield of frost defends you.
                  | (SH +4) [demonic ancestry]
  2083 | D:2      | Reached XP level 4. HP: 35/35 MP: 4/4
  2104 | D:2      | Noticed Jessica
  2107 | D:2      | Killed Jessica
  2604 | D:3      | Reached XP level 5. HP: 7/41 MP: 5/5
  2951 | D:3      | HP: 1/42 [gnoll/+0 spear (5)]
  2953 | D:3      | Slain by a gnoll

Illustrated notes

Levels and vault maps discovered:
D:1:      spicycebolla_green_bress_n_ham, layout_basic, minmay_door_square,
          minmay_unequal
D:2:      layout_basic, uniq_jessica
D:3:      layout_rooms, grunt_temple_overflow_cloverleaf,
          hellmonk_ecumenical_altar_inner_sanctum

Skill      XL: |  1  2  3  4 |
---------------+-------------+-----
Long Blades    | 2 3 |  3.0
Dodging        | 1 |  1.3
Armour         | 3 |  3.5
Shields        | 3 |  3.2
Fighting       | |  3.7
Short Blades   | |  0.1
Stealth        | |  0.5

Action                   |  1- 3 |  4- 6 || total
-------------------------+-------+-------++-------
Melee: Long sword        |   113 |       ||   113
       Short sword       |    20 |    48 ||    68
  Use: Scroll            |     1 |     1 ||     2
Armor: Scale mail        |     8 |       ||     8
       Chain mail        |    95 |    27 ||   122
Dodge: Dodged            |    52 |    22 ||    74
Block: Buckler           |    24 |    33 ||    57

Table legend: (Time is in decaauts)
 A = Elapsed time spent in this place.
 B = Non-inter-level travel time spent in this place.
 C = Inter-level travel time spent in this place.
 D = Time resting spent in this place.
 E = Time spent auto-exploring this place.
 F = Levels seen in this place.
 G = Mean time per level.
                   A        B        C        D        E       F      G
               +--------+--------+--------+--------+--------+-----+--------+
         Total |   2994 |   2976 |     18 |    279 |   1806 |   3 |  998.0 |
       Dungeon |   2994 |   2976 |     18 |    279 |   1806 |   3 |  998.0 |
               +--------+--------+--------+--------+--------+-----+--------+

Top non-repeatable levels by time:
     D:2: 1606 daAuts
     D:1: 1300 daAuts
     D:3: 87 daAuts
